 Dungeon Crawl Stone Soup version 0.31.0-32-g396128a36d (webtiles) character file.

Game seed: 1241557991469071790

201 TacoSundae the Sneak (level 5, -5/34 HPs)
             Began as an Octopode Brigand on Apr 7, 2024.
             Slain by Terence
             ... wielding a +2 trident of protection
              (10 damage)
             ... on level 3 of the Dungeon.
             The game lasted 00:05:06 (2263 turns).

TacoSundae the Sneak (Octopode Brigand)             Turns: 2263, Time: 00:05:07

Health: -5/34      AC:  1    Str: 10    XL:     5   Next: 79%
Magic:  5/5        EV: 14    Int: 13    God:
Gold:   172        SH:  0    Dex: 16    Spells: 4/4 levels left

rFire   . . .        a - +2 dagger
rCold   . . .        (no shield)
rNeg    . . .        (helmet restricted)
rPois   .            (no amulet)
rElec   .            (no ring)
rCorr   .            (no ring)
SInv    .            (no ring)
Will    .....        (no ring)
Stlth   ++++         (no ring)
HPRegen 0.25/turn    (no ring)
MPRegen 0.09/turn    (no ring)
                     (no ring)

%: no passive effects
@: no status effects
A: almost no armour, amphibious, 8 rings, camouflage 1, gelatinous body 1,
(nimble swimmer 1), tentacles
a: no special abilities


You were on level 3 of the Dungeon.
You visited 1 branch of the dungeon, and saw 3 of its levels.

You collected 172 gold pieces.

Inventory:

Hand Weapons
 a - a +2 dagger (weapon)
 h - a +0 dagger of draining
Missiles
 b - 8 poisoned darts (quivered)
 c - 3 curare-tipped darts
 l - 5 atropa-tipped darts
Armour
 m - a +0 buckler
Jewellery
 i - a ring of fire
Scrolls
 e - a scroll of revelation {unknown}
 f - a scroll of noise {unknown}
 g - 2 scrolls of identify {unknown}
 j - a scroll of poison {unknown}
 k - a scroll of vulnerability {unknown}
Potions
 d - a potion of curing


   Skills:
 - Level 2.0 Fighting
 * Level 4.8 Short Blades
 - Level 2.0 Throwing
 + Level 3.2 Dodging
 - Level 5.3 Stealth


You had 4 spell levels left.
You didn't know any spells.
Your spell library contained the following spells:

 Spells                   Type           Power      Damage    Failure   Level
 Dazzling Flash           Conj/Hex       0%         N/A       67%         3
 Volatile Blastmotes      Fire/Tloc      0%         2d10      67%         3
 Animate Dead             Necr           0%         N/A       97%         4
 Starburst                Conj/Fire      0%         6d3       100%        6
 Haunt                    Necr/Summ      0%         N/A       100%        7
 Infestation              Necr           0%         N/A       100%        8
 Maxwell's Capacitive Co  Air            0%         ∞         100%        8


Dungeon Overview and Level Annotations

Branches:
Dungeon (3/15)

Altars:

Annotations:
D:3 Terence


Innate Abilities, Weirdness & Mutations

You cannot wear most types of armour.
You are amphibious.
You can wear up to eight rings at the same time.
Your skin changes colour to match your surroundings (Stealth+).
Your rubbery body absorbs attacks. (AC +1, EV +1)
((You are camouflaged when in or above water. (Stealth+)))
You have tentacles for arms and can constrict up to eight enemies at once.


Message History

You hit Terence but do no damage. You squeeze Terence.
Terence is moderately wounded.
You constrict Terence, but do no damage.
Terence hits you with a +2 trident of protection!
* * * LOW HITPOINT WARNING * * *
It was a potion of curing.
You feel better.
You constrict Terence, but do no damage.
Terence hits you with a +2 trident of protection.
You aren't carrying any items that you can evoke.
Okay, then.
Unknown command.
Unknown command.
Unknown command.
Unknown command.
Unknown command.
Unknown command.
Unknown command.
Unknown command.
Unknown command.
Unknown command.
Unknown command.
Unknown command.
Throw: 9 darts (poison)
Press: ? - help, Q - select action, (/) - cycle Shift-Dir - straight line, f - Terence
Aim: Terence, wielding a +2 trident of protection and wearing a +0 scale mail (moderately wounded, constricted by you, 93% to hit)
You throw a poisoned dart. The poisoned dart hits Terence.
Terence is moderately wounded.
You constrict Terence, but do no damage.
Terence hits you with a +2 trident of protection.
You hit Terence but do no damage. You squeeze Terence.
Terence is heavily wounded.
You constrict Terence, but do no damage.
Terence hits you with a +2 trident of protection.
* * * LOW HITPOINT WARNING * * *
You hit Terence but do no damage.
Terence is heavily wounded.
You constrict Terence, but do no damage.
Terence hits you with a +2 trident of protection!
You die...
Terence says, "Time to find some more victims."

########## ...... ..#
########.#
≈≈≈≈≈≈≈#.#############
≈≈...≈≈#........@@..>#
≈..#..≈#.###########.#
..###..'.....####
≈..#(.≈#.........
≈≈...≈≈#.........
≈≈≈≈≈≈≈#.........
########......... ...#
#......... ...#
#†########


You could see Terence.

Vanquished Creatures
  An orc priest (D:3)
  Natasha (twice) (D:3)
  An orc wizard (D:3)
  A gnoll (D:1)
  2 adders
  2 dart slugs
  A ribbon worm (D:3)
  2 orcs (D:3)
  8 ball pythons
  A bat (D:2)
  5 endoplasms
  2 giant cockroaches
  4 hobgoblins
  10 kobolds
  3 quokkas
  6 frilled lizards
  5 goblins
  10 rats
66 creatures vanquished.

Notes
Turn   | Place    | Note
-------+----------+-------------------------------------------
     0 | D:1      | TacoSundae the Octopode Brigand began the quest for the
                  | Orb.
     0 | D:1      | Reached XP level 1. HP: 14/14 MP: 1/1
   104 | D:1      | Reached XP level 2. HP: 13/19 MP: 2/2
   346 | D:1      | Reached XP level 3. HP: 17/24 MP: 3/3
   805 | D:1      | Found a faded altar of an unknown god.
  1340 | D:2      | Identified the +2 scale mail "Doufihu" {Stlth+}
  1383 | D:2      | Reached XP level 4. HP: 24/29 MP: 4/4
  1984 | D:3      | Reached XP level 5. HP: 26/34 MP: 5/5
  1987 | D:3      | Noticed Natasha
  1996 | D:3      | Killed Natasha
  2192 | D:3      | Noticed Natasha
  2197 | D:3      | Killed Natasha
  2249 | D:3      | Noticed Terence
  2263 | D:3      | Slain by Terence

Illustrated notes

Levels and vault maps discovered:
D:1:      dpeg_arrival_renting, layout_basic, serial_rivers,
          chequers_serial_rivers_micro_c, chequers_serial_rivers_micro_e,
          chequers_serial_rivers_large_a, chequers_serial_rivers_small_3,
          ebering_ecumenical_altar_rust, wad_woods_river_04, st_stairs_1,
          serial_bayou_pond_b
D:2:      layout_basic
D:3:      layout_basic, kennysheep_generic_room_8, uniq_terence, uniq_natasha

Skill      XL: |  1  2  3  4  5 |
---------------+----------------+-----
Short Blades   | 3 4 |  4.8
Dodging        | 2 3 |  3.2
Fighting       | |  2.0
Throwing       | |  2.0
Stealth        | |  5.3

Action                     |  1- 3 |  4- 6 || total
---------------------------+-------+-------++-------
  Melee: Dagger            |   101 |    61 ||   162
         Constrict         |    21 |    16 ||    37
         Tentacles         |    21 |    16 ||    37
         Punch             |     1 |     2 ||     3
  Throw: Dart              |       |     1 ||     1
    Use: Potion            |       |     1 ||     1
   Stab: Sleeping          |    18 |     7 ||    25
 Armour: Skin              |    15 |    21 ||    36
  Dodge: Dodged            |    24 |    26 ||    50
